 Dungeon Crawl Stone Soup version 0.30-a0-1053-gbd8d5ba0ad (webtiles) character file.

Game seed: 12281524593992279102

157 tsouns the Chopper (level 5, -2/43 HPs)
             Began as a Human Monk on Apr 11, 2023.
             Was a Believer of Qazlal.
             Slain by a gnoll bouda
             ... wielding a +0 whip
              (11 damage)
             ... on level 3 of the Dungeon.
             The game lasted 00:04:41 (3171 turns).

tsouns the Chopper (Human Monk)                     Turns: 3171, Time: 00:04:42

Health: -2/43      AC:  3    Str: 11    XL:     5   Next: 66%
Magic:  6/6        EV: 13    Int: 12    God:    Qazlal [**....]
Gold:   176        SH:  2    Dex: 16    Spells: 1/4 levels left

rFire   . . .      SeeInvis .    a - +0 hand axe
rCold   . . .      Faith    .    (no shield)
rNeg    . . .      Spirit   .    b - +0 robe
rPois   .          Reflect  .    m - +0 helmet
rElec   .          Rampage  .    (no cloak)
rCorr   .                        (no gloves)
Will    .....                    (no boots)
Stlth   ++                       (no amulet)
HPRegen 0.27/turn                (no ring)
MPRegen 0.10/turn                (no ring)

@: weakened
A: no striking features
a: Renounce Religion, Upheaval


You were on level 3 of the Dungeon.
You worshipped Qazlal.
Qazlal was pleased with you.
You visited 1 branch of the dungeon, and saw 3 of its levels.

You collected 176 gold pieces.

Inventory:

Hand Weapons
 a - a +0 hand axe (weapon)
Missiles
 v - 3 boomerangs (quivered)
Armour
 b - a +0 robe (worn)
 e - a +0 scale mail
 m - a +0 helmet (worn)
 u - a +2 kite shield
Scrolls
 d - a scroll of immolation {unknown}
 f - a scroll of identify {unknown}
 j - 3 scrolls of enchant weapon {unknown}
 k - 5 scrolls of vulnerability {unknown}
 o - a scroll of enchant armour {unknown}
 p - a scroll of fear {unknown}
 q - a scroll of blinking {unknown}
 r - 2 scrolls of magic mapping {unknown}
 s - a scroll of teleportation {unknown}
Potions
 c - a potion of ambrosia
 g - a potion of lignification {unknown}
 h - a potion of haste {unknown}
 i - 2 potions of cancellation {unknown}
 l - a potion of curing {unknown}
 n - a potion of flight {unknown}
 t - a potion of degeneration {unknown}


   Skills:
 + Level 4.5 Fighting
 + Level 4.5 Axes
 - Level 3.0 Dodging
 - Level 2.0 Stealth
 + Level 1.4 Invocations


You had one spell level left.
You knew the following spells:

 Your Spells              Type           Power      Damage    Failure   Level
a - Dazzling Flash        Conj/Hex       0%         N/A       69%         3

Your spell library contained the following spells:

 Spells                   Type           Power      Damage    Failure   Level
 Volatile Blastmotes      Fire/Tloc      0%         2d10      69%         3
 Iskenderun's Mystic Bla  Conj/Tloc      0%         2d3       97%         4
 Starburst                Conj/Fire      0%         6d3       100%        6


Dungeon Overview and Level Annotations

Branches:
Dungeon (3/15)

Altars:
Nemelex Xobeh
Qazlal


Message History

The gnoll bouda gazes fiercely through you!
You feel your attacks grow feeble.
You hit the gnoll bouda.
The gnoll bouda is moderately wounded.
You block the gnoll bouda's attack.
You hit the gnoll bouda.
The gnoll bouda is moderately wounded.
The gnoll bouda hits you with a +0 whip!
You hit the gnoll bouda.
The gnoll bouda is moderately wounded.
The gnoll bouda hits you with a +0 whip.
You barely miss the gnoll bouda.
The gnoll bouda is moderately wounded.
Your attacks no longer feel as feeble.
The gnoll bouda barely misses you.
You hit the gnoll bouda.
The gnoll bouda is severely wounded.
The gnoll bouda barely misses you.
You barely miss the gnoll bouda.
The gnoll bouda is severely wounded.
The gnoll bouda hits you with a +0 whip.
You hit the gnoll bouda.
The gnoll bouda is severely wounded.
The gnoll bouda gazes fiercely through you!
You feel your attacks grow feeble. The gnoll bouda barely misses you.
You completely miss the gnoll bouda.
The gnoll bouda is severely wounded.
The gnoll bouda hits you with a +0 whip.
You hit the gnoll bouda.
The gnoll bouda is almost dead.
The gnoll bouda misses you.
You hit the gnoll bouda but do no damage.
The gnoll bouda is almost dead.
The gnoll bouda hits you with a +0 whip!
* * * LOW HITPOINT WARNING * * *
You barely miss the gnoll bouda.
The gnoll bouda is almost dead.
The gnoll bouda hits you with a +0 whip!
You die...

#.### ... ..#
#.# ## #.# ##
#.# ###.# #.# #
#...#########.#
#
#...).........#
#
#...###########
## ##..# .###
####.####..#
....
......g@...#
###.
......°##.## #
###...# #.#
...... ..#
##### ###


You could see a gnoll bouda.

Vanquished Creatures
  A hound (D:3)
  Terence (D:2)
  3 gnolls (D:3)
  An adder (D:2)
  A worm (D:2)
  3 dart slugs
  An orc (D:3)
  5 bats
  6 endoplasms
  4 giant cockroaches
  3 goblins
  4 hobgoblins
  4 jackals (D:3)
  3 quokkas
  8 ball pythons
  3 frilled lizards (D:1)
  A kobold (D:1)
  4 rats
56 creatures vanquished.

Notes
Turn   | Place    | Note
-------+----------+-------------------------------------------
     0 | D:1      | tsouns the Human Monk began the quest for the Orb.
     0 | D:1      | Reached XP level 1. HP: 18/18 MP: 1/1
   345 | D:1      | Reached XP level 2. HP: 24/24 MP: 2/2
   608 | D:1      | Reached XP level 3. HP: 29/29 MP: 3/3
  1306 | D:2      | Noticed Terence
  1340 | D:2      | Killed Terence
  1341 | D:2      | Reached XP level 4. HP: 37/37 MP: 4/4
  2374 | D:3      | Found a sparkling altar of Nemelex Xobeh.
  2438 | D:3      | Found a stormy altar of Qazlal.
  2449 | D:3      | Became a worshipper of Qazlal Stormbringer
  2449 | D:3      | Reached * piety under Qazlal
  2449 | D:3      | Reached ** piety under Qazlal
  2454 | D:3      | Learned a level 3 spell: Dazzling Flash
  2653 | D:3      | Reached skill level 1 in Invocations
  2653 | D:3      | Reached XP level 5. HP: 34/43 MP: 5/5
  3171 | D:3      | Slain by a gnoll bouda

Illustrated notes

Levels and vault maps discovered:
D:1:      kennysheep_arrival_seaside, layout_basic
D:2:      layout_basic, minmay_misc_feat_ornament, uniq_terence
D:3:      layout_loops_ring, mainiacjoe_overflow_large_starburst,
          cheibrodos_gnoll_hut

Skill      XL: |  1  2  3  4 |
---------------+-------------+-----
Fighting       | 4 |  4.5
Axes           | 4 |  4.5
Invocations    | 1 |  1.4
Dodging        | |  3.0
Stealth        | |  2.0

Action                     |  1- 3 |  4- 6 || total
---------------------------+-------+-------++-------
  Melee: Hand axe          |    98 |   132 ||   230
    Use: Potion            |     3 |       ||     3
   Stab: Invisible         |     2 |       ||     2
         Sleeping          |       |     5 ||     5
         Distracted        |       |     1 ||     1
 Armour: Scale mail        |    37 |       ||    37
         Robe              |       |    17 ||    17
  Dodge: Dodged            |    56 |    86 ||   142
  Block: Other             |       |     8 ||     8

Table legend: (Time is in decaauts)
 A = Elapsed time spent in this place.
 B = Non-inter-level travel time spent in this place.
 C = Inter-level travel time spent in this place.
 D = Time resting spent in this place.
 E = Time spent auto-exploring this place.
 F = Levels seen in this place.
 G = Mean time per level.
                   A        B        C        D        E       F      G
               +--------+--------+--------+--------+--------+-----+--------+
         Total |   3195 |   3070 |    125 |      0 |   2523 |   3 | 1065.0 |
       Dungeon |   3195 |   3070 |    125 |      0 |   2523 |   3 | 1065.0 |
               +--------+--------+--------+--------+--------+-----+--------+

Top non-repeatable levels by time:
     D:2: 1335 daAuts
     D:1: 1054 daAuts
     D:3: 805 daAuts
